 Dungeon Sprint DCSS version 0.28-a0-863-g8cecda6153 (webtiles) character file.

Game seed: 2387384407343164582

497 Turgor the Spear-Bearer (level 6, -13/68 HPs)
             Began as a Troll Berserker on Nov 16, 2021.
             Was an Elder of Trog.
             Killed from afar by an acid dragon (26 damage)
             ... with a splash of acid
             ... in the Dungeon (Sprint IX: "|||||||||||||||||||||||||||||").
             The game lasted 00:05:44 (223 turns).

Turgor the Spear-Bearer (Troll Berserker)            Turns: 223, Time: 00:05:45

Health: -13/68     AC:  4    Str: 29    XL:     6   Next: 93%
Magic:  5/5        EV: 12    Int:  4    God:    Trog [****..]
Gold:   0          SH:  0    Dex: 13    Spells: 5/5 levels left

rFire   + . .      SeeInvis .   l - +2 rapier "Oduokir" {vorpal, rPois rF+ rN+ Will+ Stlth+}
rCold   . . .      Faith    .   (no shield)
rNeg    + . .      Spirit   .   b - +0 animal skin
rPois   +          Reflect  .   (helmet restricted)
rElec   .          Harm     .   (no cloak)
rCorr   .          Rampage  .   (gloves unavailable)
Will    +....      NoTele   +   (boots unavailable)
Stlth   ++........              (no amulet)
HPRegen 1.21/turn               a - +3 ring of strength
MPRegen 0.09/turn               m - +3 ring of dexterity

@: invisible
A: large, unfitting armour, claws 3, regeneration 1, shaggy fur 1, tough skin 1
a: Renounce Religion, Berserk, Trog's Hand, Brothers in Arms


You were in the Dungeon.
You worshipped Trog.
Trog was greatly pleased with you.
You visited 1 branch

Inventory:

Hand Weapons
 k - a +2 halberd of protection
 l - the +2 rapier "Oduokir" (weapon) {vorpal, rPois rF+ rN+ Will+ Stlth+}
   (You found it in the Dungeon)

   It inflicts extra damage upon your enemies.
   rF:        It protects you from fire.
   rPois:     It protects you from poison.
   rN:        It protects you from negative energy.
   Will:      It increases your willpower.
   Stlth:     It makes you more stealthy.
Armour
 b - a +0 animal skin (worn)
Jewellery
 a - a +3 ring of strength (left claw)
 m - a +3 ring of dexterity (right claw)
Wands
 j - a wand of iceblast (10)
Scrolls
 h - a scroll of blinking
Potions
 c - 4 potions of curing
 f - 4 potions of magic
 g - a potion of berserk rage


   Skills:
 + Level 6.7 Fighting
 * Level 9.2 Polearms
 + Level 6.7 Dodging


You had 5 spell levels left.
You didn't know any spells.
Your spell library was empty.

Dungeon Overview and Level Annotations

Branches:
Dungeon (1/1)

Altars:
Cheibriados
Dithmenos
Elyvilon
Fedhas
Gozag
Hepliaklqana
Kikubaaqudgha
Makhleb
Nemelex Xobeh
Okawaru
Qazlal
Ru
Sif Muna
Trog
Uskayaw
Vehumet
Wu Jian
Xom
Yredelemnul
Zin
The Shining One
Beogh
Jiyva
Lugonu


Innate Abilities, Weirdness & Mutations

You are too large for most types of armour.
You have claws for hands.
Your natural rate of healing is unusually fast.
You are covered in fur. (AC +1)
You have tough skin. (AC +1)


Message History

Press < or > to pray at altars.
There is an opulent altar of Gozag, spattered with blood here.
Things that are here:
a +0 dagger; a +0 robe of willpower; a yak corpse You puncture the acid dragon!
The acid dragon is moderately wounded.
The acid dragon misses you. The acid dragon claws you.
The acid dragon misses you.
The acid dragon claws you but does no damage.
You hit the acid dragon.
The acid dragon is heavily wounded.
The acid dragon barely misses you. The acid dragon claws you.
You barely miss the acid dragon.
The acid dragon is heavily wounded.
The acid dragon barely misses you. The acid dragon closely misses you.
You hit the acid dragon.
The acid dragon is heavily wounded.
The acid dragon barely misses you. The acid dragon closely misses you.
You completely miss the acid dragon.
The acid dragon is heavily wounded.
A vampire appears from thin air!
Reactivating autopickup.
The acid dragon bites you.
* * * LOW HITPOINT WARNING * * *
The acid dragon closely misses you.
You hit the acid dragon.
The acid dragon is severely wounded.
The vampire mumbles some strange words.
The vampire flickers and vanishes!
Deactivating autopickup; reactivate with Ctrl-A.
The acid dragon closely misses you. The acid dragon barely misses you.
The acid dragon bites you!
* * * LOW HITPOINT WARNING * * *
The acid dragon misses you.
You closely miss the acid dragon.
The acid dragon is severely wounded.
You recover from your berserk rage.
The acid dragon spits acid at you. The splash of acid hits you!!
You die... ▓▓▓▓▓▓▓▓▓▓▓▓▓▓▓▓▓▓▓▓▓▓▓▓▓▓▓▓▓▓▓▓▓ ______3_3____Y{D@_____'.....).... ▓▓▓▓▓▓▓▓▓▓▓▓▓▓▓▓▓▓▓▓▓▓▓▓▓▓▓▓▓▓▓▓▓

You could see a yak and an acid dragon (catching breath).

Vanquished Creatures
  A kobold demonologist (D)
  A vampire (D)
  A hound (D)
  A worm (D)
  2 orcs (D)
  A goblin (D)
  A hobgoblin (D)
  2 kobolds (D)
  A quokka skeleton (D)
  A rat (D)
12 creatures vanquished.

Vanquished Creatures (others)
  A yak (D)
1 creature vanquished.

Grand Total: 13 creatures vanquished

Notes
Turn   | Place    | Note
-------+----------+-------------------------------------------
     0 | D        | Turgor the Troll Berserker began the quest for the Orb.
     0 | D        | Reached XP level 1. HP: 22/22 MP: 0/0
    11 | D        | Reached ** piety under Trog
    14 | D        | Reached skill level 3 in Polearms
    30 | D        | Noticed a hound
    59 | D        | Reached *** piety under Trog
    60 | D        | Reached XP level 2. HP: 22/31 MP: 1/1
    64 | D        | Reached skill level 4 in Polearms
    64 | D        | Reached XP level 3. HP: 37/37 MP: 2/2
    85 | D        | Found a snail-covered altar of Cheibriados.
    85 | D        | Found a shadowy altar of Dithmenos.
    85 | D        | Found a white marble altar of Elyvilon.
    85 | D        | Found a blossoming altar of Fedhas.
    85 | D        | Found an opulent altar of Gozag.
    86 | D        | Found a hazy altar of Hepliaklqana.
    87 | D        | Found a viscous altar of Jiyva.
    88 | D        | Found an ancient bone altar of Kikubaaqudgha.
    89 | D        | Found a corrupted altar of Lugonu.
    90 | D        | Found a burning altar of Makhleb.
    91 | D        | Found a sparkling altar of Nemelex Xobeh.
    92 | D        | Found an iron altar of Okawaru.
    93 | D        | Found a stormy altar of Qazlal.
    94 | D        | Found a sacrificial altar of Ru.
    95 | D        | Found a shimmering blue altar of Sif Muna.
    96 | D        | Found a bloodstained altar of Trog.
    97 | D        | Found a hide-covered altar of Uskayaw.
    98 | D        | Found a radiant altar of Vehumet.
    99 | D        | Found an ornate altar of the Wu Jian Council.
   100 | D        | Found a shimmering altar of Xom.
   101 | D        | Found a basalt altar of Yredelemnul.
   102 | D        | Found a glowing silver altar of Zin.
   103 | D        | Found a glowing golden altar of the Shining One.
   119 | D        | Got the +2 rapier "Oduokir" {vorpal, rPois rF+ rN+ Will+
                  | Stlth+}
   132 | D        | Noticed a yak
   132 | D        | Noticed a vampire
   132 | D        | Noticed an acid dragon
   132 | D        | Noticed a yak
   132 | D        | Noticed a kobold demonologist
   132 | D        | Noticed a vampire
   135 | D        | Noticed a rust devil
   160 | D        | Noticed a smoke demon
   190 | D        | Killed a vampire
   191 | D        | Reached skill level 5 in Fighting
   191 | D        | Reached skill level 7 in Polearms
   191 | D        | Reached skill level 5 in Dodging
   191 | D        | Reached XP level 4. HP: 44/50 MP: 3/3
   191 | D        | Reached XP level 5. HP: 50/57 MP: 4/4
   192 | D        | Noticed a rust devil
   214 | D        | Killed a kobold demonologist
   214 | D        | Reached **** piety under Trog
   215 | D        | Reached skill level 9 in Polearms
   215 | D        | Reached XP level 6. HP: 35/68 MP: 5/5
   215 | D        | Killed a yak
   223 | D        | Killed from afar by an acid dragon

Illustrated notes

Levels and vault maps discovered:
D:        linesprint [early_d, line_temple, items_1, d_10, items_2, lair_1,
          lair_end, items_3, orc_1, orc_end, items_4, d_15, swamp_1, shoals_1,
          snake_1, spider_1, d_20, vaults_1, items_5, swamp_end, shoals_end,
          snake_end, spider_end, vaults_end, d_27, items_6, zot_1, zot_end,
          crypt_end, forest_end, elf_end, slime_end, tomb_end, abyss_end,
          pan_hell_end]

Skill      XL: |  1  2  3  4  5 |
---------------+----------------+-----
Polearms       | 3 4 7 9 |  9.2
Fighting       | 3 5 6 |  6.7
Dodging        | 3 5 6 |  6.7

Action                   |  1- 3 |  4- 6 || total
-------------------------+-------+-------++-------
Melee: Spear             |    49 |       ||    49
       Rapier            |    17 |    24 ||    41
Invok: Berserk           |     3 |       ||     3
       Trog's Hand       |     1 |       ||     1
  Use: Potion            |     2 |     4 ||     6
       Scroll            |     1 |       ||     1
 Stab: Distracted        |     1 |       ||     1
       Invisible         |       |     3 ||     3
Armor: Animal skin       |     7 |    13 ||    20
Dodge: Dodged            |    14 |    64 ||    78

Table legend: (Time is in decaauts)
 A = Elapsed time spent in this place.
 B = Non-inter-level travel time spent in this place.
 C = Inter-level travel time spent in this place.
 D = Time resting spent in this place.
 E = Time spent auto-exploring this place.
 F = Levels seen in this place.
 G = Mean time per level.
                   A        B        C        D        E       F      G
               +--------+--------+--------+--------+--------+-----+--------+
         Total |    235 |    235 |      0 |      0 |      0 |   1 |  235.0 |
       Dungeon |    235 |    235 |      0 |      0 |      0 |   1 |  235.0 |
               +--------+--------+--------+--------+--------+-----+--------+

Top non-repeatable levels by time:
       D: 235 daAuts
